 Dungeon Crawl Stone Soup version 0.31-a0-177-g4aa6249778 (webtiles) character file.

Game seed: 7313131401206452611

126 qw the Chopper (level 5, -4/32 HPs)
             Began as a Gargoyle Fighter on June 18, 2023.
             Slain by an ogre
             ... wielding a +0 giant spiked club
              (26 damage)
             ... on level 4 of the Dungeon.
             The game lasted 00:01:21 (2639 turns).

qw the Chopper (Gargoyle Fighter)                   Turns: 2639, Time: 00:01:22

Health: -4/32      AC: 15    Str: 21    XL:     5   Next: 10%
Magic:  5/5        EV:  5    Int:  9    God:
Gold:   95         SH:  4    Dex:  9    Spells: 4/4 levels left

rFire   . . .        Y - +0 war axe
rCold   . . .        c - +0 buckler
rNeg    + . .        l - +0 plate armour
rPois   inf          (no helmet)
rElec   +            (no cloak)
rCorr   .            (no gloves)
SInv    .            (no boots)
Will    .....        (no amulet) Stlth
                     (no ring)
HPRegen 0.25/turn    (no ring)
MPRegen 0.09/turn

%: no passive effects
@: no status effects
A: sickness immunity, AC +4, negative energy resistance 1, electricity
resistance, torment resistance 1, petrification resistance
a: no special abilities


You were on level 4 of the Dungeon.
You visited 1 branch of the dungeon, and saw 4 of its levels.

You collected 95 gold pieces.


Innate Abilities, Weirdness & Mutations

You are immune to sickness and miasma.
Your stone body is resilient. (AC +4)
You are immune to poison.
You resist negative energy. (rN+)
You are resistant to electric shocks. (rElec)
You are resistant to unholy torment.
You are immune to petrification.


   Skills:
 - Level 3.2 Fighting
 + Level 4.6 Axes
 - Level 3.2 Armour
 - Level 3.2 Shields


You had 4 spell levels left.
You didn't know any spells.
Your spell library was empty.

Inventory:

Hand Weapons
 b - a +0 flail
 Y - a +0 war axe (weapon)
Missiles
 k - 4 boomerangs (quivered)
Armour
 c - a +0 buckler (worn)
 l - a +0 plate armour (worn)
 m - a +0 helmet
Scrolls
 g - 2 scrolls of identify
 i - a scroll of revelation {unknown}
Potions
 a - a potion of curing
 d - 3 potions of might
 e - a potion of haste {unknown}
 f - a potion of resistance {unknown}
 h - a potion of heal wounds
 j - a potion of enlightenment {unknown}
 n - a potion of attraction {unknown}

Dungeon Overview and Level Annotations

Branches:
Dungeon (4/15)
 Temple: D:4-7

Altars:
Dithmenos
Uskayaw
The Shining One

Annotations:
D:1 exclusion: 3 kobolds


Message History

Enter note:
Enter note:
Enter note:
Enter note:
Enter note:
Enter note:
Enter note:
Enter note: You barely miss the ogre.
You barely miss the orc. You closely miss the orc.
The orc hits you with a +0 hand axe. The orc hits you but does no damage. x2
You slash the ogre!
The ogre is moderately wounded.
You barely miss the orc. You closely miss the orc.
A ball python comes into view.
The ogre hits you with a +0 giant spiked club.
The orc hits you but does no damage. You block the orc's attack.
The orc hits you but does no damage.
You hit the ogre.
The ogre is heavily wounded.
You hit the orc. You miss the hound. You completely miss the orc.
You block the hound's attack. The orc hits you but does no damage.
The hound bites you but does no damage. The ogre barely misses you.
The orc hits you with a +0 hand axe. The orc hits you but does no damage.
You hit the ogre.
The ogre is severely wounded.
You barely miss the orc. You closely miss the orc. You barely miss the hound.
The hound bites you but does no damage. The orc barely misses you.
The orc hits you but does no damage. The hound bites you but does no damage.
The ogre barely misses you. The orc barely misses you. x2
The orc hits you but does no damage.
You barely miss the ogre.
The ogre is severely wounded.
You barely miss the orc. You slash the orc! You miss the hound.
You slash the orc!
You kill the orc!
The hound bites you but does no damage. You block the hound's attack.
The orc barely misses you.
The ogre hits you with a +0 giant spiked club!!
Ouch! That really hurt!
You die...

.......###..
..#......... ........
..#......... #......
..........# #.....##.
..........# ##....:...
..........# #.........
..........# #..o......
####....###+++#o.Oo.....
# ##..#####...#.@hS....#
#..####.'.P.'.o).....#
#..##...'.P.'.........
###..#...'.P.'.........
.#....)..##...#.........
.#.......##'''#.........
.........##...#........#
..........#._.#.........
..........#...#........


You could see an ogre, a hound, 4 orcs and a ball python.

Vanquished Creatures
  5 adders
  An ufetubus (D:4)
  2 worms
  A dart slug (D:3)
  5 orcs (D:4)
  2 bats (D:2)
  8 endoplasms
  4 giant cockroaches
  5 goblins
  4 hobgoblins
  3 jackals (D:3)
  3 quokkas
  2 ball pythons
  2 frilled lizards
  7 kobolds
  8 rats
62 creatures vanquished.

Notes
Turn   | Place    | Note
-------+----------+-------------------------------------------
     0 | D:1      | qw the Gargoyle Fighter began the quest for the Orb.
     0 | D:1      | Reached XP level 1. HP: 14/14 MP: 1/1
     0 | D:1      | 0 ||| qw: Version: 0.3-a-5-g6f28e65
     0 | D:1      | 0 ||| qw: Game counter: 593
     0 | D:1      | 0 ||| qw: Always use a shield: true
     0 | D:1      | 0 ||| qw: God list: Okawaru
     0 | D:1      | 0 ||| qw: Allow faded altars: false
     0 | D:1      | 0 ||| qw: Do Orc after D:15 true
     0 | D:1      | 0 ||| qw: Do second Lair branch before Depths: true
     0 | D:1      | 0 ||| qw: Lair rune preference: random
     0 | D:1      | 0 ||| qw: Plans: Normal, Zot:1-4, Slime:5, God:TSO, Crypt,
                  | Tomb, Abyss, Pan, Hells, Win
     0 | D:1      | 0 ||| PLANNING D:1-11
    46 | D:1      | Reached skill level 2 in Axes
   153 | D:1      | Reached XP level 2. HP: 19/19 MP: 2/2
   648 | D:1      | Found a faded altar of an unknown god.
   649 | D:1      | 649 ||| READING 3 scrolls labelled BEHAYNK NIPP.
   652 | D:1      | 652 ||| READING 2 scrolls labelled HIVIECZASTA.
   653 | D:1      | 653 ||| DROPPING 2 scrolls of noise.
   770 | D:1      | Reached skill level 3 in Axes
   812 | D:1      | Reached XP level 3. HP: 23/23 MP: 3/3
  1028 | D:2      | 1028 ||| STAIRDANCE
  1055 | D:2      | 1055 ||| STAIRDANCE
  1069 | D:1      | 1069 ||| DROPPING +0 club.
  1100 | D:2      | 1100 ||| Stepping ~*~*~tactically~*~*~ (stealth).
  1108 | D:2      | 1108 ||| Stepping ~*~*~tactically~*~*~ (stealth).
  1128 | D:2      | 1128 ||| Stepping ~*~*~tactically~*~*~ (hiding).
  1129 | D:2      | 1129 ||| Stepping ~*~*~tactically~*~*~ (hiding).
  1132 | D:2      | 1132 ||| Stepping ~*~*~tactically~*~*~ (hiding).
  1288 | D:2      | 1288 ||| Stepping ~*~*~tactically~*~*~ (stealth).
  1373 | D:2      | Reached XP level 4. HP: 28/28 MP: 4/4
  1484 | D:2      | 1484 ||| UPGRADING to +0 plate armour.
  1494 | D:2      | 1494 ||| DROPPING +0 scale mail.
  1495 | D:2      | 1495 ||| READING 2 scrolls of identify.
  1495 | D:2      | 1495 ||| IDENTIFYING viscous orange potion
  1525 | D:3      | Reached skill level 4 in Axes
  1551 | D:3      | Found a glowing golden altar of the Shining One.
  1617 | D:3      | 1617 ||| Stepping ~*~*~tactically~*~*~ (hiding).
  1880 | D:3      | 1880 ||| Stepping ~*~*~tactically~*~*~ (stealth).
  1910 | D:3      | Found a shadowy altar of Dithmenos.
  2201 | D:3      | 2201 ||| READING 2 scrolls labelled ATRUPI PIATAQ.
  2202 | D:3      | 2202 ||| READING scroll labelled EQEPNU JEMEF.
  2203 | D:3      | 2203 ||| DRINKING 2 black potions.
  2204 | D:3      | 2204 ||| DROPPING scroll of amnesia.
  2248 | D:4      | 2248 ||| STAIRDANCE
  2272 | D:4      | 2272 ||| STAIRDANCE
  2343 | D:4      | 2343 ||| Stepping ~*~*~tactically~*~*~ (stealth).
  2376 | D:4      | Reached XP level 5. HP: 23/32 MP: 5/5
  2378 | D:4      | 2378 ||| Stepping ~*~*~tactically~*~*~ (stealth).
  2413 | D:4      | 2413 ||| DROPPING +0 whip.
  2460 | D:4      | 2460 ||| Stepping ~*~*~tactically~*~*~ (hiding).
  2498 | D:4      | 2498 ||| Stepping ~*~*~tactically~*~*~ (stealth).
  2501 | D:4      | 2501 ||| Stepping ~*~*~tactically~*~*~ (stealth).
  2502 | D:4      | 2502 ||| Stepping ~*~*~tactically~*~*~ (stealth).
  2555 | D:4      | 2555 ||| Stepping ~*~*~tactically~*~*~ (stealth).
  2628 | D:4      | Found a hide-covered altar of Uskayaw.
  2631 | D:4      | Noticed an ogre
  2639 | D:4      | Slain by an ogre

Levels and vault maps discovered:
D:1:      minmay_arrival_loop, layout_basic, shapermc_ecumenical_altar_ellora
D:2:      layout_rooms
D:3:      layout_basic, mainiacjoe_overflow_catwalk,
          mainiacjoe_overflow_brackets, hangedman_decor_growths
D:4:      layout_cave_pools, mainiacjoe_overflow_big_doors

Skill      XL: |  1  2  3  4 |
---------------+-------------+-----
Axes           | 2 3 4 |  4.6
Fighting       | |  3.2
Armour         | |  3.2
Shields        | |  3.2

Action                     |  1- 3 |  4- 6 || total
---------------------------+-------+-------++-------
  Melee: War axe           |   105 |    87 ||   192
  Throw: Boomerang         |     9 |    32 ||    41
    Use: Scroll            |     2 |     3 ||     5
         Potion            |       |     1 ||     1
 Armour: Scale mail        |    35 |       ||    35
         Plate armour      |       |   107 ||   107
  Dodge: Dodged            |    49 |    36 ||    85
  Block: Buckler           |    22 |    23 ||    45

Table legend:
 A = Non-vault XP
 B = Vault XP
 C = Vault XP percentage of total XP
 D = Non-vault monster count
 E = Vault monster count
 F = Vault count percentage of total count
                 A         B        C        D         E       F
            +---------+---------+-------+---------+---------+-------
      Total |     184 |       0 |   0.0 |      62 |       0 |   0.0
            +---------+---------+-------+---------+---------+-------
        D:1 |      38 |       0 |   0.0 |      23 |       0 |   0.0
        D:2 |      48 |       0 |   0.0 |      13 |       0 |   0.0
        D:3 |      63 |       0 |   0.0 |      13 |       0 |   0.0
        D:4 |      35 |       0 |   0.0 |      13 |       0 |   0.0
            +---------+---------+-------+---------+---------+-------
